 Dungeon Crawl Stone Soup version 0.30-a0-777-ga9a30cbeda (webtiles) character file.

Game seed: 662026917263123540

1009 Newt the Skirmisher (level 8, -11/49 HPs)
             Began as a Kobold Hunter on Feb 14, 2023.
             Was an Initiate of Kikubaaqudgha.
             Mangled by a two-headed ogre
             ... wielding a +0 giant club
              (29 damage)
             ... on level 6 of the Dungeon.
             The game lasted 00:06:12 (5679 turns).

Newt the Skirmisher (Kobold Hunter)                 Turns: 5679, Time: 00:06:12

Health: -11/49     AC:  5    Str: 11 (12) XL:     8   Next: 44%
Magic:  8/8        EV: 15    Int:  8 (10) God:    Kikubaaqudgha [......]
Gold:   373        SH:  0    Dex: 27 (28) Spells: 7/7 levels left

rFire   . . .      SeeInvis .    n - +6 trident "Goblinslayer" {freeze, rCorr Str+3 Dex+2}
rCold   . . .      Faith    .    (shield currently unavailable)
rNeg    . . .      Spirit   .    c - +0 leather armour
rPois   .          Reflect  .    (no helmet)
rElec   .          Harm     .    u - +0 cloak
rCorr   +          Rampage  .    (no gloves)
Will    .....                    v - +0 pair of boots
Stlth   +++                      (no amulet)
HPRegen 0.28/turn                o - +6 ring of dexterity
MPRegen 0.11/turn                (no ring)

@: no status effects
A: small, no large weapons, nightstalker 3
a: Renounce Religion


You were on level 6 of the Dungeon.
You worshipped Kikubaaqudgha.
Kikubaaqudgha was noncommittal.
You visited 1 branch of the dungeon, and saw 6 of its levels.

You collected 373 gold pieces.

Inventory:

Hand Weapons
 a - a +0 shortbow of freezing
 n - the +6 trident "Goblinslayer" (weapon) {freeze, rCorr Str+3 Dex+2}
   (You found it on level 4 of the Dungeon)

   Str:       It affects your strength (+3).
   Dex:       It affects your dexterity (+2).
   rCorr:     It protects you from acid and corrosion.
Armour
 c - a +0 leather armour (worn)
 u - a +0 cloak (worn)
 v - a +0 pair of boots (worn)
Jewellery
 o - a +6 ring of dexterity (left hand)
Wands
 i - a wand of charming (4)
Scrolls
 b - 2 scrolls of immolation
 m - a scroll of teleportation
 q - a scroll of brand weapon
 s - a scroll of identify
Potions
 d - a potion of mutation
 e - a potion of cancellation
 f - a potion of resistance
 g - a potion of curing
 h - a potion of attraction
 j - a potion of flight {unknown}
 k - a potion of heal wounds {unknown}
 l - a potion of might
 p - a potion of degeneration
 r - a potion of invisibility {unknown}
 t - a potion of lignification {unknown}


   Skills:
 - Level 5.0 Fighting
 + Level 5.6 Polearms
 - Level 8.0 Ranged Weapons
 - Level 2.4 Dodging
 - Level 1.3 Stealth


You had 7 spell levels left.
You didn't know any spells.
Your spell library contained the following spells:

 Spells                   Type           Power      Damage    Failure   Level
 Apportation              Tloc           0%         N/A       50%         1
 Summon Small Mammal      Summ           0%         N/A       50%         1
 Sublimation of Blood     Necr           0%         N/A       65%         2
 Wereblood                Tmut           0%         N/A       65%         2
 Call Canine Familiar     Summ           0%         N/A       86%         3
 Summon Guardian Golem    Hex/Summ       0%         N/A       86%         3
 Alistair's Intoxication  Tmut/Pois      0%         N/A       100%        5
 Summon Hydra             Summ           0%         N/A       100%        7


Dungeon Overview and Level Annotations

Branches:
Dungeon (6/15)             Temple (0/1) D:5

Altars:
Elyvilon
Gozag
Kikubaaqudgha
Vehumet
Wu Jian
Xom


Innate Abilities, Weirdness & Mutations

You are small and have problems with some larger weapons.
You are completely attuned to the shadows.


Message History

You barely miss the orc warrior.
The orc warrior is almost dead.
The orc warrior closely misses you.
You impale the orc warrior!! You freeze the orc warrior.
You kill the orc warrior!
Kikubaaqudgha accepts your kill.
You feel your dexterity returning.
No target in view!
You feel a little less mighty now.
The two-headed ogre shouts in stereo!
Things that are here:
a +0 dire flail of protection; a +0 chain mail; an orc corpse A two-headed ogre is nearby!
A two-headed ogre is nearby!
A two-headed ogre is nearby!
A two-headed ogre is nearby!
You barely miss the two-headed ogre. The two-headed ogre misses you.
The two-headed ogre hits you with a +0 giant spiked club.
You hit the two-headed ogre. You freeze the two-headed ogre.
The two-headed ogre is lightly wounded.
The two-headed ogre hits you with a +0 giant club.
The two-headed ogre misses you.
You puncture the two-headed ogre! You freeze the two-headed ogre.
The two-headed ogre is moderately wounded.
You hit the two-headed ogre. You freeze the two-headed ogre.
The two-headed ogre is moderately wounded.
The two-headed ogre hits you with a +0 giant club!!
Ouch! That really hurt!
The two-headed ogre closely misses you.
You are too injured to fight recklessly!
Okay, then.
Okay, then.
Okay, then.
You hit the two-headed ogre. You freeze the two-headed ogre.
The two-headed ogre is heavily wounded.
The two-headed ogre barely misses you.
The two-headed ogre hits you with a +0 giant spiked club!!
Ouch! That really hurt!
You die...
Kikubaaqudgha rasps: "You have failed me!
Welcome... death!"

### #.# ##
+..###.######.
###..#.........
#[#8.#....####.
##+##[##'##..## #.
#8..#(#...'.## #.
...'(#..8#.# #.
#O##!##'##.#
#@8#(#8.##+# #.#
#..###..#..
#.####.)').##...
#.##.#######.....
######)#...####........
....<))<......'.........
########...####.........
##.## ##.......# #....
##.....#


You could see a two-headed ogre.

Vanquished Creatures
  A water moccasin (D:5)
  An orc warrior (D:6)
  A black bear (D:6)
  2 ogres
  2 phantoms
  A necrophage (D:5)
  An orc priest (D:6)
  Ijyb (D:3)
  3 iguanas
  2 orc wizards
  2 gnolls
  2 adders
  3 worms
  2 dart slugs (D:4)
  16 orcs
  6 ball pythons
  6 endoplasms
  5 giant cockroaches
  14 goblins
  7 hobgoblins
  9 jackals
  2 quokkas
  5 bats
  3 frilled lizards
  10 kobolds
  6 rats
113 creatures vanquished.

Notes
Turn   | Place    | Note
-------+----------+-------------------------------------------
     0 | D:1      | Newt the Kobold Hunter began the quest for the Orb.
     0 | D:1      | Reached XP level 1. HP: 12/12 MP: 1/1
   155 | D:1      | Reached XP level 2. HP: 18/18 MP: 2/2
   385 | D:1      | Reached XP level 3. HP: 23/23 MP: 3/3
   916 | D:2      | Found a radiant altar of Vehumet.
  1050 | D:2      | Reached XP level 4. HP: 30/30 MP: 4/4
  1864 | D:3      | Noticed Ijyb
  1882 | D:3      | Killed Ijyb
  1883 | D:3      | Reached skill level 5 in Fighting
  1883 | D:3      | Reached XP level 5. HP: 19/35 MP: 5/5
  2159 | D:3      | Reached skill level 6 in Ranged Weapons
  2752 | D:4      | Reached skill level 7 in Ranged Weapons
  2997 | D:4      | Reached XP level 6. HP: 40/40 MP: 6/6
  3002 | D:4      | Noticed an ogre
  3008 | D:4      | Killed an ogre
  3125 | D:4      | Identified the +6 trident "Goblinslayer" {freeze, rCorr
                  | Str+3 Dex+2}
  3137 | D:4      | Reached skill level 8 in Ranged Weapons
  3254 | D:4      | Found an ancient bone altar of Kikubaaqudgha.
  3261 | D:4      | Became a worshipper of Kikubaaqudgha
  3584 | D:4      | Found an ornate altar of the Wu Jian Council.
  3643 | D:5      | Entered Level 5 of the Dungeon
  3832 | D:5      | Found a staircase to the Ecumenical Temple.
  3885 | D:5      | Reached skill level 1 in Polearms
  3885 | D:5      | Reached XP level 7. HP: 21/44 MP: 7/7
  3993 | D:5      | Noticed a water moccasin
  3999 | D:5      | Killed a water moccasin
  4205 | D:5      | Found a radiant altar of Vehumet.
  4205 | D:5      | Found a white marble altar of Elyvilon.
  4206 | D:5      | Found a shimmering altar of Xom.
  4250 | D:5      | Found an opulent altar of Gozag.
  5232 | D:5      | Reached XP level 8. HP: 22/49 MP: 8/8
  5587 | D:6      | Reached skill level 5 in Polearms
  5672 | D:6      | Noticed a two-headed ogre
  5679 | D:6      | Mangled by a two-headed ogre

Illustrated notes

Levels and vault maps discovered:
D:1:      onia_arrival_pentagram, layout_basic
D:2:      minmay_evil_eye, layout_loops_ring, basic_altar
D:3:      kennysheep_goblin_castle, layout_basic
D:4:      layout_basic, lemuel_crystal_altar, lemuel_tele_altar,
          kennysheep_doodads
D:5:      layout_layer_cave, nicolae_overflow_quartered_altars, temple_statues,
          minmay_misc_feat_secret_circle, abandoned_shop
D:6:      minmay_chambers_of_sixes, layout_loops_corners, slow_altar_2,
          kennysheep_little_box, serial_shops, shop, chequers_garden

Skill      XL: |  1  2  3  4  5  6  7  8 |
---------------+-------------------------+-----
Fighting       | 3 4 5 |  5.0
Ranged Weapons | 7 8 |  8.0
Polearms       | 1 4 5 |  5.6
Dodging        | |  2.4
Stealth        | |  1.3

Action                     |  1- 3 |  4- 6 |  7- 9 || total
---------------------------+-------+-------+-------++-------
  Melee: Shortbow          |       |     3 |       ||     3
         Trident           |       |    29 |    57 ||    86
   Fire: Shortbow          |    88 |   113 |       ||   201
    Use: Scroll            |     5 |     3 |     2 ||    10
         Potion            |       |     2 |     2 ||     4
   Stab: Sleeping          |       |     8 |     6 ||    14
         Distracted        |       |     1 |       ||     1
 Armour: Leather armour    |    12 |    12 |     9 ||    33
  Dodge: Dodged            |    44 |    51 |    20 ||   115

Table legend: (Time is in decaauts)
 A = Elapsed time spent in this place.
 B = Non-inter-level travel time spent in this place.
 C = Inter-level travel time spent in this place.
 D = Time resting spent in this place.
 E = Time spent auto-exploring this place.
 F = Levels seen in this place.
 G = Mean time per level.
                   A        B        C        D        E       F      G
               +--------+--------+--------+--------+--------+-----+--------+
         Total |   5746 |   5556 |    190 |    379 |   4573 |   6 |  957.7 |
       Dungeon |   5746 |   5556 |    190 |    379 |   4573 |   6 |  957.7 |
               +--------+--------+--------+--------+--------+-----+--------+

Top non-repeatable levels by time:
     D:5: 1780 daAuts
     D:4: 1158 daAuts
     D:3: 964 daAuts
     D:2: 835 daAuts
     D:1: 739 daAuts
     D:6: 267 daAuts
